 Dungeon Crawl Stone Soup version 0.30-a0-702-gdf48620a09 (webtiles) character file.

Game seed: 486563692908069598

175 Darius099 the Covered (level 5, -12/33 HPs)
             Began as a Gargoyle Fighter on Jan 21, 2023.
             Killed by divine providence
             ... invoked by an orc priest
              (17 damage)
             ... on level 4 of the Dungeon.
             The game lasted 00:08:35 (2164 turns).

Darius099 the Covered (Gargoyle Fighter)            Turns: 2164, Time: 00:08:36

Health: -12/33     AC: 14    Str: 18 (19) XL:     5   Next: 55%
Magic:  5/5        EV:  6    Int:  7 (9)  God:
Gold:   149        SH:  0    Dex:  8 (11) Spells: 4/4 levels left

rFire   . . .      SeeInvis .    a - +0 flail
rCold   + . .      Faith    .    c - +0 buckler
rNeg    + + .      Spirit   .    i - +0 chain mail
rPois   ∞          Reflect  .    (no helmet)
rElec   +          Harm     .    (no cloak)
rCorr   .          Rampage  .    u - +0 pair of gloves
Will    .....                    (no boots) Stlth
                                 r - amulet of the acrobat
HPRegen 0.25/turn                b - ring of protection from cold
MPRegen 0.09/turn                m - ring of positive energy

@: confused, hasted, very quick
A: sickness immunity, AC +4, negative energy resistance 1, electricity
resistance, torment resistance 1, petrification resistance
a: no special abilities


You were on level 4 of the Dungeon.
You visited 1 branch of the dungeon, and saw 4 of its levels.

You collected 149 gold pieces.

Inventory:

Hand Weapons
 a - a +0 flail (weapon)
 t - the +5 sling of Kauniol {elec, Drain rF++ Int+2}
   (You found it on level 3 of the Dungeon)

   Int:       It affects your intelligence (+2).
   rF:        It greatly protects you from fire.
   Drain:     It drains your maximum health when unequipped.
Armour
 c - a +0 buckler (worn)
 i - a +0 chain mail (worn)
 u - a +0 pair of gloves (worn)
Jewellery
 b - a ring of protection from cold (left hand)
 m - a ring of positive energy (right hand)
 r - an amulet of the acrobat (around neck)
Scrolls
 e - 2 scrolls of enchant weapon {unknown}
 f - a scroll of brand weapon {unknown}
 h - 4 scrolls of teleportation {unknown}
 j - a scroll of amnesia {unknown}
 l - a scroll of butterflies {unknown}
 p - 2 scrolls of magic mapping {unknown}
 q - a scroll of identify {unknown}
Potions
 d - a potion of might
 g - 2 potions of curing {unknown}
 k - a potion of brilliance {unknown}
 n - a potion of ambrosia
 o - a potion of degeneration
 s - a potion of heal wounds {unknown}
 v - a potion of haste
 w - a potion of attraction {unknown}
 x - a potion of flight {unknown}
 z - a potion of cancellation {unknown}


   Skills:
 + Level 4.2 Fighting
 + Level 3.2 Maces & Flails
 + Level 4.4 Armour
 + Level 4.3 Shields


You had 4 spell levels left.
You didn't know any spells.
Your spell library contained the following spells:

 Spells                   Type           Power      Damage    Failure   Level
 Petrify                  Tmut/Erth      0%         N/A       100%        4
 Metabolic Englaciation   Hex/Ice        0%         N/A       100%        5
 Statue Form              Tmut/Erth      Unusable   N/A       N/A         6

Dungeon Overview and Level Annotations

Branches:
Dungeon (4/15)
 Temple: D:4-7

Altars:
Kikubaaqudgha
Yredelemnul


Innate Abilities, Weirdness & Mutations

You are immune to sickness and miasma.
Your stone body is resilient. (AC +4)
You are immune to poison.
You resist negative energy. (rN+)
You are resistant to electric shocks. (rElec)
You are resistant to unholy torment.
You are immune to petrification.


Message History

You are confused.
It was a potion of haste.
You feel yourself speed up.
The orc priest calls down the wrath of Beogh upon you.
You barely resist. Something hits you but does no damage.
The orc priest hits you but does no damage.
You're too confused to move!
It was a potion of ambrosia.
You are more confused.
You feel invigorated.
The orc priest hits you but does no damage.
Something hits you but does no damage.
The orc priest looks encouraged for a moment.
You closely miss something.
The orc priest hits you but does no damage.
The orc priest closely misses you. Something hits you but does no damage.
You're too confused to move!
You closely miss the orc priest.
The orc priest mumbles some strange prayers to Beogh against you.
Pain shoots through your body!
The orc priest calls down the wrath of Beogh upon you.
Beogh smites you!
* * * LOW HITPOINT WARNING * * *
You bump into the rock wall.
The orc priest completely misses you.
You barely miss the orc priest.
The orc priest hits you but does no damage.
You bump into the rock wall.
You bump into the rock wall.
You feel less invigorated. The orc priest barely misses you.
The orc priest invokes the aid of Beogh against you.
Beogh smites you!
* * * LOW HITPOINT WARNING * * *
You're too confused to move!
You bump into the rock wall.
You closely miss something.
The orc priest invokes the aid of Beogh against you.
You completely miss something.
The orc priest invokes the aid of Beogh against you.
Beogh smites you!
Ouch! That really hurt!
You die...

##.# #. #.# #. ##### #.#
.. ##...#####.# ##.
#.......##.# ..
#.>.....##.###### #.
#...........)....
.#####o###...#####.######
....ogo{@...## #.#
.#####o###### #.# #. #.#
#. #.###### #. #.......
$. ######## ##


You could see 2 orc priests, 2 orcs and a goblin.

Vanquished Creatures
  A jelly (D:4)
  4 gnolls (D:3)
  4 adders
  A worm (D:2)
  3 dart slugs
  12 endoplasms
  4 giant cockroaches
  5 goblins
  4 hobgoblins
  4 kobolds
  4 quokkas
  7 ball pythons
  4 bats
  2 rats
59 creatures vanquished.

Notes
Turn   | Place    | Note
-------+----------+-------------------------------------------
     0 | D:1      | Darius099 the Gargoyle Fighter began the quest for the Orb.
     0 | D:1      | Reached XP level 1. HP: 14/14 MP: 1/1
    84 | D:1      | Reached XP level 2. HP: 8/19 MP: 2/2
   601 | D:1      | Reached XP level 3. HP: 21/23 MP: 3/3
   841 | D:2      | Reached XP level 4. HP: 25/29 MP: 4/4
  1305 | D:3      | Found a faded altar of an unknown god.
  1436 | D:3      | Identified the +5 sling of Kauniol {elec, Drain rF++ Int+2}
  1513 | D:3      | Found a basalt altar of Yredelemnul.
  1594 | D:3      | Reached XP level 5. HP: 2/33 MP: 5/5
  1959 | D:4      | Found an ancient bone altar of Kikubaaqudgha.
  2164 | D:4      | Killed from afar by an orc priest

Illustrated notes

Levels and vault maps discovered:
D:1:      ncdulo_lavacross, layout_rooms, serial_curves, eino_curves_03,
          eino_curves_01
D:2:      layout_basic, hangedman_abyss_or_decor_lesser_grid
D:3:      layout_basic, mainiacjoe_overflow_surrounded_room,
          nicolae_ecumenical_oubliette
D:4:      layout_loops_ring, mainiacjoe_overflow_concentric_impassable,
          minmay_misc_feat_iff, nicolae_shop_fire_sale [nicolae_sub_dead_trees]

Skill      XL: |  1  2  3  4 |
---------------+-------------+-----
Armour         | 4 |  4.4
Shields        | 4 |  4.3
Fighting       | 4 |  4.2
Maces & Flails | 3 |  3.2

Action                   |  1- 3 |  4- 6 || total
-------------------------+-------+-------++-------
Melee: Flail             |   108 |   126 ||   234
  Use: Potion            |       |     3 ||     3
Armor: Scale mail        |    26 |       ||    26
       Chain mail        |    66 |    92 ||   158
Dodge: Dodged            |    66 |    52 ||   118
Block: Buckler           |    31 |    25 ||    56

Table legend: (Time is in decaauts)
 A = Elapsed time spent in this place.
 B = Non-inter-level travel time spent in this place.
 C = Inter-level travel time spent in this place.
 D = Time resting spent in this place.
 E = Time spent auto-exploring this place.
 F = Levels seen in this place.
 G = Mean time per level.
                   A        B        C        D        E       F      G
               +--------+--------+--------+--------+--------+-----+--------+
         Total |   2228 |   2200 |     28 |    140 |   1010 |   4 |  557.0 |
       Dungeon |   2228 |   2200 |     28 |    140 |   1010 |   4 |  557.0 |
               +--------+--------+--------+--------+--------+-----+--------+

Top non-repeatable levels by time:
     D:2: 742 daAuts
     D:1: 647 daAuts
     D:3: 626 daAuts
     D:4: 211 daAuts
